 Dungeon Crawl Stone Soup version 0.18-a0-1760-gbb863503 (webtiles) character file.

2849 Gottschkopf the Destroyer (level 9, -1/62 HPs)
             Began as a Pale Draconian Conjurer on Apr 13, 2016.
             Was a Believer of Vehumet.
             Shot with an arrow by a centaur (10 damage)
             ... on level 7 of the Dungeon.
             The game lasted 00:33:28 (7588 turns).

Gottschkopf the Destroyer (Pale Draconian Conjurer) Turns: 7588, Time: 00:33:28

Health: -1/62      AC: 12    Str:  5    XL:     9   Next: 46%
Magic:  10/16      EV: 12    Int: 20    God:    Vehumet [**....]
Gold:   295        SH:  0    Dex: 11    Spells: 5 memorised, 2 levels left

rFire  . . .     SeeInvis +     h - +2 whip (freeze)
rCold  . . .     Gourm    .     (armour unavailable)
rNeg   . . .     Faith    .     (no shield)
rPois  .         Spirit   .     (helmet restricted)
rElec  +         Dismiss  .     z - +3 cloak of Heresy {*Corrode rElec Str-5 Stlth+}
rCorr  .         Reflect  .     (no gloves)
SustAt .         Harm     .     s - +0 pair of boots
MR     .....     Rnd*Rage +     (no amulet)
Stlth  +++.......               f - ring of wizardry
                                p - ring of see invisible

@: exhausted, slowed, very slow, not resistant to hostile enchantments, fairly
stealthy
A: breathe steam, unfitting armour, hooves 1, berserk 1, sense surroundings 1,
cold-blooded, AC +7
a: Breathe Steam, Renounce Religion


You were on level 7 of the Dungeon.
You worshipped Vehumet.
Vehumet was pleased with you.
You were not hungry.

You visited 2 branches of the dungeon, and saw 9 of its levels.

You collected 295 gold pieces.

Inventory:

Hand Weapons
 h - a +2 whip of freezing (weapon)
 u - a +2 dagger of draining
 A - a +7 quarterstaff of protection
Armour
 g - a +1 cloak
 s - a +0 pair of boots (worn)
 z - the +3 cloak of Heresy (worn) {*Corrode rElec Str-5 Stlth+}
   (You found it on level 7 of the Dungeon)

   It affects your strength (-5).
   It insulates you from electricity.
   It may corrode you when you take damage.
   It makes you more stealthy.
Jewellery
 f - a ring of wizardry (right hand)
 o - an uncursed ring of flight
 p - a ring of see invisible (left hand)
 w - a cursed ring of positive energy
Wands
 j - a wand of acid (5/15)
 n - a wand of flame (15/48)
 y - a wand of flame (22/48)
Scrolls
 d - 3 scrolls of magic mapping
 k - 2 scrolls of identify
 m - a scroll of blinking
 t - 2 scrolls of teleportation
Potions
 c - 2 potions of curing
 e - a potion of agility
 i - a potion of cure mutation
 q - a potion of berserk rage
Books
 a - a book of Conjurations

   Spells                             Type                      Level
   a - Magic Dart                     Conjuration                  1
   b - Searing Ray                    Conjuration                  2
   c - Dazzling Spray                 Conjuration/Hexes            3
   d - Fulminant Prism                Conjuration/Hexes            4
   e - Iskenderun's Mystic Blast      Conjuration                  4
   f - Iskenderun's Battlesphere      Conjuration/Charms           5
 x - a book of Clouds

   Spells                             Type                      Level
   a - Mephitic Cloud                 Conjuration/Poison/Air       3
   b - Conjure Flame                  Conjuration/Fire             3
   c - Poisonous Cloud                Conjuration/Poison/Air       6
   d - Freezing Cloud                 Conjuration/Ice/Air          6
   e - Ring of Flames                 Charms/Fire                  7
Comestibles
 b - 3 bread rations
 l - a meat ration
 r - 5 fruits
 v - 3 chunks of flesh


   Skills:
 - Level 1.7 Dodging
 - Level 1.7 Stealth
 - Level 4.8 Spellcasting
 * Level 10.3 Conjurations
 - Level 4.9 Hexes
 - Level 4.3 Charms
 - Level 0.2 Evocations


You had 2 spell levels left.
You knew the following spells:

 Your Spells              Type           Power        Failure   Level  Hunger
a - Magic Dart            Conj           ####         1%          1    None
b - Searing Ray           Conj           #####.       1%          2    #......
c - Dazzling Spray        Conj/Hex       #####...     1%          3    ##.....
d - Fulminant Prism       Conj/Hex       #####.....   3%          4    ####...
e - Iskenderun's Battles  Conj/Chrm      ####....     7%          5    ######.


Dungeon Overview and Level Annotations

Branches:
Dungeon (8/15)             Temple (1/1) D:4
   Lair: D:8-11

Altars:
Cheibriados
Elyvilon
Fedhas
Gozag
Kikubaaqudgha
Nemelex Xobeh
Okawaru
Ru
Sif Muna
Vehumet
Yredelemnul
The Shining One


Innate Abilities, Weirdness & Mutations

You can breathe blasts of scalding, opaque steam.
Your pale cyan-grey scales are hard (AC +7).
Your body does not fit into most forms of armour.
You are cold-blooded and may be slowed by cold attacks.
You have large cloven feet.
You tend to lose your temper in combat.
You passively map a small area around you.


Message History

Things that are here:
an uncursed quarterstaff of protection; an uncursed hunting sling of freezing a ring mail
A - an uncursed quarterstaff of protection You feel a strong urge to attack something.
You are too berserk!
You start resting.
You feel your anger subside.
You start resting.
You are no longer berserk.
You are exhausted.
You feel yourself slow down.
You are feeling hungry.
You start resting.
Eating one of 4 chunks of flesh.
This raw flesh tastes terrible.
You continue eating. x2
A centaur comes into view.
The centaur shouts!
The centaur wields a shortbow.
The centaur shoots an arrow.
The arrow hits you!
You die...

#.####.# ,
#......#######
#####.........
#######......c......
#........##.#######.*
#....<.......# ,*
#.........#..#
#......)..#..# , ,
#(....@(.....# , ,,
#........###.# *, *,
#............# , ,
#.........#.## ,
#.........#.#, , ,
#...........# ***
####......###.*
#..........# *
#......#####


You could see a centaur.

Vanquished Creatures
  Joseph (D:7)
  A two-headed ogre (D:4)
  Grinder (D:6)
  Duvessa (D:4)
  An ice beast (D:5)
  An orc warrior (D:6)
  A sky beast (D:5)
  2 phantoms
  An ogre (D:6)
  3 centaurs
  A big kobold (D:7)
  Blork the orc (D:6)
  A giant frog (D:6)
  Dowan (D:4)
  2 scorpions
  A howler monkey (D:5)
  2 crimson imps (D:6)
  A giant frog zombie (D:5)
  4 hounds
  2 orc wizards
  A centaur skeleton (D:4)
  2 orc priests
  The ghost of Potsanchik the Scratcher, a weakling FeCK of Xom (D:3)
  3 giant frog skeletons
  7 worker ants
  A worker ant zombie (D:6)
  4 gnolls (D:6)
  6 adders
  3 oozes
  2 adder zombies (D:5)
  4 adder skeletons
  5 worms
  6 dart slugs
  5 giant geckos
  11 orcs
  5 ball pythons
  9 bats
  5 giant cockroaches
  3 hobgoblins
  23 jackals
  4 kobolds
  4 quokkas
  A ball python zombie (D:6)
  A giant newt (D:1)
  10 goblins
  A quokka skeleton (D:6)
  9 rats
165 creatures vanquished.

Vanquished Creatures (others)
  10 fulminant prisms
10 creatures vanquished.

Grand Total: 175 creatures vanquished

Notes
Turn   | Place    | Note
--------------------------------------------------------------
     0 | D:1      | Gottschkopf the Draconian Conjurer began the quest for the Orb.
     0 | D:1      | Reached XP level 1. HP: 14/14 MP: 3/3
   168 | D:1      | Reached XP level 2. HP: 8/20 MP: 5/5
   172 | D:1      | Learned a level 2 spell: Searing Ray
   866 | D:1      | Reached skill level 5 in Conjurations
   866 | D:1      | Reached XP level 3. HP: 18/26 MP: 2/6
   928 | D:1      | Learned a level 3 spell: Dazzling Spray
  1704 | D:2      | Reached skill level 1 in Hexes
  1740 | D:3      | Noticed Potsanchik's ghost (weakling FeCK)
  1744 | D:3      | Killed Potsanchik's ghost
  1744 | D:3      | Reached XP level 4. HP: 33/33 MP: 2/7
  1835 | D:3      | Found a snail-covered altar of Cheibriados.
  2121 | D:3      | Found a sparkling altar of Nemelex Xobeh.
  2772 | D:4      | Reached XP level 5. HP: 30/38 MP: 8/8
  2932 | D:4      | HP: 1/38 [poisoned by a scorpion]
  3292 | D:4      | Noticed Dowan
  3293 | D:4      | Noticed Duvessa
  3299 | D:4      | Killed Duvessa
  3299 | D:4      | Reached XP level 6. HP: 36/45 MP: 0/9
  3314 | D:4      | Killed Dowan
  3612 | D:4      | Learned a level 4 spell: Fulminant Prism
  3668 | D:4      | Found a staircase to the Ecumenical Temple.
  3675 | Temple   | Entered the Ecumenical Temple
  3696 | Temple   | Became a worshipper of Vehumet
  3818 | D:4      | Your scales start taking on a pale cyan-grey colour.
  3818 | D:4      | Reached XP level 7. HP: 23/50 MP: 8/12
  4007 | D:4      | Noticed a two-headed ogre
  4055 | D:4      | Killed a two-headed ogre
  4282 | D:4      | Learned a level 5 spell: Iskenderun's Battlesphere
  4694 | D:5      | Entered Level 5 of the Dungeon
  4822 | D:5      | Reached XP level 8. HP: 43/57 MP: 5/15
  5111 | D:5      | Gained mutation: You tend to lose your temper in combat. [mutagenic meat]
  5237 | D:5      | Reached skill level 6 in Conjurations
  5460 | D:5      | Reached * piety under Vehumet
  5460 | D:5      | Offered knowledge of Sting by Vehumet.
  5824 | D:6      | Reached skill level 7 in Conjurations
  6126 | D:6      | Noticed Blork the orc
  6133 | D:6      | Killed Blork the orc
  6249 | D:6      | Offered knowledge of Sandblast by Vehumet.
  6249 | D:6      | Reached skill level 8 in Conjurations
  6258 | D:6      | Gained mutation: Your spells are a little harder to cast, but a little more powerful. [potion of mutation]
  6258 | D:6      | Gained mutation: You passively map a small area around you. [potion of mutation]
  6440 | D:6      | Reached ** piety under Vehumet
  6541 | D:6      | Reached XP level 9. HP: 49/62 MP: 9/16
  6583 | D:6      | Noticed Grinder
  6587 | D:6      | Paralysed by Grinder for 5 turns
  6601 | D:6      | Killed Grinder
  6601 | D:6      | Reached skill level 9 in Conjurations
  6870 | D:6      | Gained mutation: You have large cloven feet. [potion of mutation]
  6870 | D:6      | Lost mutation: Your spells are a little harder to cast, but a little more powerful. [potion of mutation]
  7182 | D:7      | Got a polished cloak
  7193 | D:7      | Identified the +3 cloak of Heresy {*Corrode rElec Str-5 Stlth+} (You found it on level 7 of the Dungeon)
  7199 | D:7      | Found a glowing golden altar of the Shining One.
  7234 | D:7      | Noticed Joseph
  7564 | D:7      | Killed Joseph
  7564 | D:7      | Reached skill level 10 in Conjurations
  7588 | D:7      | Shot with an arrow by a centaur

Vault maps used:
D:1:      kennysheep_arrival_forest, serial_bayou_lake_a
D:2:      first_bread
D:3:      kennysheep_slug_shrine, old_standard_altar, minmay_misc_feat_pillars
D:4:      temple_statues, interstate_on_off, uniq_duvessa
D:6:      st_stairs_5, minivault_14, eino_curves_01, uniq_blork_the_orc,
          uniq_grinder
D:7:      tgw_trog, lemuel_doored_altar, grunt_qazlal_clouds, basic_altar,
          kennysheep_generic_room_13, uniq_joseph
D:8:      grunt_temple_overflow_champion_of_chaos, kennysheep_little_box
Temple:   triangle_lava_temple_12

Skill      XL: |  1  2  3  4  5  6  7  8  9 |
---------------+----------------------------+-----
Conjurations   | 5 8 10 | 10.3
Hexes          | 1 3 4 |  4.9
Spellcasting   | 3 4 |  4.8
Charms         | 3 4 |  4.3
Dodging        | |  1.7
Stealth        | |  1.7
Evocations     | |  0.2

Action                   |  1- 3 |  4- 6 |  7- 9 || total
-------------------------+-------+-------+-------++-------
Melee: Unarmed           |    42 |       |       ||    42
       Tailslap          |    10 |    12 |     7 ||    29
       Whip              |    30 |    97 |    99 ||   226
 Cast: Magic Dart        |    47 |    70 |   131 ||   248
       Searing Ray       |     3 |     3 |    30 ||    36
       Fulminant Prism   |       |       |    10 ||    10
       Iskenderun's Batt |       |       |     1 ||     1
 Abil: Breathe Steam     |       |       |     4 ||     4
  Use: Scroll            |       |     6 |     6 ||    12
       Potion            |       |     4 |     4 ||     8
 Stab: Sleeping          |     2 |     2 |     1 ||     5
  Eat: Chunk             |     4 |     7 |    14 ||    25
       Bread ration      |       |       |     1 ||     1
Armor: Skin              |    40 |    34 |    73 ||   147
Dodge: Dodged            |    59 |    61 |   120 ||   240
